 Dungeon Crawl Stone Soup version 0.28.0-43-g3370ac3207 (webtiles) character file.

Game seed: 8499680822591050597

1223 porpoise the Skirmisher (level 8, -3/62 HPs)
             Began as a Djinni Fire Elementalist on Mar 7, 2022.
             Slain by an iguana (10 damage)
             ... on level 6 of the Dungeon.
             The game lasted 00:24:19 (5378 turns).

porpoise the Skirmisher (Djinni Fire Elementalist)  Turns: 5378, Time: 00:24:19

Health: -3/62      AC:  7    Str:  7    XL:     8   Next: 76%
Gold:   185        EV: 12    Int: 25    God:
                   SH:  0    Dex: 14

rFire   + + .      SeeInvis .   b - +0 shortbow
rCold   x . .      Faith    .   (shield currently unavailable)
rNeg    + . .      Spirit   .   n - +0 robe
rPois   ∞          Reflect  .   w - +0 helmet
rElec   .          Harm     .   t - +0 cloak {rCorr}
rCorr   +          Rampage  .   q - +2 pair of gloves
Will    .....                   (boots unavailable)
Stlth   ++........              (no amulet)
HPRegen 0.20/turn               h - ring of positive energy
MPRegen 0.00/turn               s - +6 ring of intelligence

@: flying
A: sickness immunity, fire resistance 2, cold vulnerability 1, float, innate
caster, HP casting, extra vitality 1
a: no special abilities


You were on level 6 of the Dungeon.
You visited 1 branch of the dungeon, and saw 6 of its levels.

You collected 185 gold pieces.

Inventory:

Hand Weapons
 b - a +0 shortbow (weapon)
 B - the +5 dagger of the First Shrikes {flame, Contam SInv Stlth+}
   (You took it off a gnoll on level 5 of the Dungeon)

   It burns those it strikes, dealing additional fire damage.
   SInv:      It lets you see invisible.
   Contam:    It causes magical contamination when unequipped.
   Stlth:     It makes you more stealthy.
Missiles
 c - 10 bolts
 d - 90 arrows (quivered ammo)
 e - 96 stones
 g - 14 poisoned darts
 o - 2 curare-tipped darts
 r - 6 javelins
 A - a throwing net
Armour
 n - a +0 robe (worn)
 q - a +2 pair of gloves (worn)
 t - a +0 cloak of preservation (worn)
 w - a +0 helmet (worn)
Jewellery
 h - a ring of positive energy (left hand)
 s - a +6 ring of intelligence (right hand)
Scrolls
 f - 4 scrolls of identify {unknown}
 i - a scroll of enchant armour {unknown}
 j - a scroll of noise
 k - a scroll of summoning {unknown}
 p - a scroll of vulnerability {unknown}
 u - a scroll of enchant weapon {unknown}
 v - a scroll of brand weapon {unknown}
 y - a scroll of fear {unknown}
 z - a scroll of teleportation
 D - a scroll of blinking {unknown}
Potions
 a - 2 potions of attraction {unknown}
 l - 4 potions of resistance {unknown}
 m - 3 potions of heal wounds {unknown}
 x - a potion of brilliance {unknown}
 C - 2 potions of curing {unknown}
 E - a potion of ambrosia {unknown}


   Skills:
 * Level 6.4 Fighting
 - Level 2.1 Dodging
 + Level 3.4 Stealth
 * Level 5.5 Spellcasting


You couldn't memorise any spells.
You knew the following spells:

 Your Spells              Type           Power      Damage    Failure   Level
a - Foxfire               Conj/Fire      100%       2x1d9     1%          1
b - Scorch                Fire           68%        2d8       1%          2
c - Conjure Flame         Conj/Fire      34%        6-21      2%          3
d - Inner Flame           Hex/Fire       34%        N/A       2%          3
e - Flame Wave            Conj/Fire      34%        2d8       8%          4
k - Blink                 Tloc           68%        N/A       1%          2
n - Call Canine Familiar  Summ           34%        N/A       2%          3
p - Pain                  Necr           100%       1d9       1%          1
Your spell library was empty.

Dungeon Overview and Level Annotations

Branches:
Dungeon (6/15)
 Temple: D:4-7

Altars:
Hepliaklqana
Xom

Shops:
D:1 =   D:4 :


Innate Abilities, Weirdness & Mutations

You are immune to sickness and miasma.
You are immune to poison.
Your flesh is very heat resistant. (rF++)
You are vulnerable to cold. (rC-)
You float through the air rather than walking.
You learn spells naturally, not from books.
Your magical power is your life essence.
You have superior vitality. (+4 MHP)


Message History

The orc wizard hits your hound with a +0 dagger.
The bullfrog misses you. The hound closely misses you.
The iguana closely misses you.
Your hound bites the orc wizard.
Casting: Foxfire (safe; 1% risk of failure)
Confirm with . or Enter, or press ? or * to list all spells.
Flames lash the orc wizard.
The orc wizard is severely wounded.
The orc wizard's fire resistance burns away.
The foxfire hits the hound but does no damage.
The hound is moderately wounded.
The foxfire hits the hound.
The hound is heavily wounded.
The bullfrog hits you. The hound barely misses you.
The orc wizard hits your hound but does no damage.
Your hound misses the orc wizard.
The bullfrog hits you but does no damage.
The hound bites you but does no damage. The iguana bites you.
Casting: Scorch (safe; 1% risk of failure)
Confirm with . or Enter, or press ? or * to list all spells.
Flames lash the orc wizard.
The orc wizard is burned terribly!
You kill the orc wizard!
Your hound bites the hound.
The bullfrog closely misses you. The hound bites you but does no damage.
The iguana bites you.
* * * LOW HITPOINT WARNING * * *
Your hound bites the hound.
Casting: Scorch (safe; 1% risk of failure)
Confirm with . or Enter, or press ? or * to list all spells.
Flames lash the iguana.
The iguana is moderately wounded.
The iguana's fire resistance burns away.
* * * LOW HITPOINT WARNING * * *
The hound bites you but does no damage.
The bullfrog hits you but does no damage.
The orc priest looks satisfied for a moment.
Your hound closely misses the hound.
The hound bites you.
* * * LOW HITPOINT WARNING * * *
The bullfrog hits you.
* * * LOW HITPOINT WARNING * * *
The iguana bites you!
You die...

.?. .#.. .. .).####...
..##).#..... ##..
...#..#....##....
....).............
.....)...............
#...h.o..<......!..
#.##...hFl..##.......
#.......@..##........
#....................
#...........##.......
............##...........
.........................
..................##.....
....#.............##.....
#..##..............#.....
......................


You could see a bullfrog, an iguana (combustible), a hound (ally target), an orc
priest and a friendly hound (summoned).

Vanquished Creatures
  A hornet zombie (D:4)
  An ogre (D:4)
  2 phantoms
  A kobold brigand (D:5)
  A bullfrog (D:4)
  2 scorpions (D:5)
  A water moccasin zombie (D:6)
  3 hounds (D:5)
  Jessica (D:3)
  2 iguanas
  3 orc wizards (D:6)
  A hound skeleton (D:4)
  13 gnolls
  9 adders
  3 ufetubi
  2 dart slugs (D:1)
  5 orcs
  5 ball pythons
  6 bats
  7 endoplasms
  6 giant cockroaches
  5 goblins
  7 hobgoblins
  4 jackals (D:2)
  11 kobolds
  3 quokkas
  3 frilled lizards
  5 rats
113 creatures vanquished.

Vanquished Creatures (collateral kills)
  A gnoll shaman (D:5)
  A foxfire (D:1)
2 creatures vanquished.

Vanquished Creatures (others)
  280 foxfires
  2 plants (D:1)
282 creatures vanquished.

Grand Total: 397 creatures vanquished

Notes
Turn   | Place    | Note
-------+----------+-------------------------------------------
     0 | D:1      | porpoise the Djinni Fire Elementalist began the quest for
                  | the Orb.
     0 | D:1      | Reached XP level 1. HP: 15/15 MP: 0/0
    31 | D:1      | Found Myehud's Jewellery Emporium.
   238 | D:1      | Reached skill level 1 in Fighting
   238 | D:1      | Reached XP level 2. HP: 20/22 MP: 0/0
   665 | D:1      | Reached XP level 3. HP: 25/27 MP: 0/0
   665 | D:1      | Learned a level 1 spell: Pain
   886 | D:1      | Found a faded altar of an unknown god.
  1208 | D:2      | Reached skill level 2 in Fighting
  1215 | D:1      | Reached XP level 4. HP: 7/33 MP: 0/0
  1770 | D:2      | Reached XP level 5. HP: 29/40 MP: 0/0
  1770 | D:2      | Learned a level 2 spell: Blink
  2134 | D:2      | Reached skill level 3 in Fighting
  2817 | D:3      | Noticed Jessica
  2821 | D:3      | Killed Jessica
  3325 | D:4      | Found Jesiw's Book Boutique.
  3435 | D:4      | Noticed a phantom
  3438 | D:4      | Killed a phantom
  3439 | D:4      | Reached skill level 4 in Fighting
  3439 | D:4      | Reached XP level 6. HP: 40/47 MP: 0/0
  3551 | D:4      | Reached XP level 7. HP: 14/53 MP: 0/0
  3551 | D:4      | Learned a level 3 spell: Call Canine Familiar
  4323 | D:5      | Entered Level 5 of the Dungeon
  4334 | D:5      | Reached skill level 5 in Fighting
  4555 | D:5      | Reached XP level 8. HP: 46/59 MP: 0/0
  4573 | D:5      | Reached skill level 5 in Spellcasting
  4683 | D:5      | Identified the +5 dagger of the First Shrikes {flame,
                  | Contam SInv Stlth+}
  4984 | D:5      | Reached skill level 6 in Fighting
  5136 | D:5      | Found a shimmering altar of Xom.
  5221 | D:5      | Found a hazy altar of Hepliaklqana.
  5222 | D:5      | Noticed a spectral ugly thing
  5378 | D:6      | Slain by an iguana

Illustrated notes

Levels and vault maps discovered:
D:1:      evilmike_arrival_fibonacci_small, layout_rooms,
          shapermc_ecumenical_altar_acropolis, serial_shops, shop
D:2:      layout_rooms
D:3:      layout_basic, kennysheep_generic_room_6, uniq_jessica
D:4:      layout_gridville, serial_shops, nicolae_stop_n_shop_1
D:5:      layout_rooms, regret_index_temple_of_mockery
D:6:      layout_cave_pools, uniq_pikel

Skill      XL: |  1  2  3  4  5  6  7  8 |
---------------+-------------------------+-----
Fighting       | 1 2 4 5 6 |  6.4
Spellcasting   | 3 4 5 |  5.5
Stealth        | 2 3 |  3.4
Dodging        | |  2.1

Action                   |  1- 3 |  4- 6 |  7- 9 || total
-------------------------+-------+-------+-------++-------
Melee: Unarmed           |     1 |     1 |       ||     2
 Fire: Shortbow          |       |     1 |    11 ||    12
 Cast: Foxfire           |    49 |    51 |    57 ||   157
       Pain              |     4 |     9 |     8 ||    21
       Scorch            |     2 |     9 |    29 ||    40
       Inner Flame       |       |     1 |       ||     1
       Call Canine Famil |       |       |     8 ||     8
       Conjure Flame     |       |       |     1 ||     1
  Use: Scroll            |     2 |       |       ||     2
Armor: Robe              |     4 |       |    14 ||    18
Dodge: Dodged            |    17 |    10 |    25 ||    52
